 Dungeon Crawl Stone Soup version 0.31-a0-542-gdc2a67831c (webtiles) character file.

Game seed: 8407414749583565721

666 Iich the Trooper (level 7, 0/6 HPs)
             Began as a Demonspawn Fighter on Aug 15, 2023.
             Shot with an arrow by a centaur (6 damage)
             ... on level 5 of the Dungeon.
             The game lasted 00:06:11 (2960 turns).

Iich the Trooper (Demonspawn Fighter)               Turns: 2960, Time: 00:06:12

Health: 0/6        AC:  9    Str: 21    XL:     7   Next: 31%
Magic:  7/7        EV: 11    Int: 10    God:
Gold:   262        SH:  0    Dex: 14    Spells: 6/6 levels left

rFire   . . .        n - melded +8 frozen axe "Frostbite" {freeze, freezing cloud, *Noise Fly rC+}
rCold   . . .        (shield currently unavailable)
rNeg    . . .        u - melded +0 plate armour
rPois   +            y - melded +0 helmet
rElec   .            l - melded scarf {repulsion}
rCorr   .            (gloves currently unavailable)
SInv    .            m - melded +2 pair of boots
Will    .....        (no amulet)
Stlth   +            P - ring of poison resistance
HPRegen 0.21/turn    (no ring)
MPRegen 0.10/turn

%: no passive effects
@: snake-form, marked
A: constrict, reduced hp, large, ignite blood 2, (demonic touch 1)
a: Begin Untransformation


You were on level 5 of the Dungeon.
You were an enormous anaconda.
You visited 1 branch of the dungeon, and saw 5 of its levels.

You collected 262 gold pieces.

Inventory:

Hand Weapons
 a - a +0 war axe
 n - the +8 frozen axe "Frostbite" (melded) {freeze, freezing cloud, *Noise Fly rC+}
   (You found it on level 2 of the Dungeon)

   rC+:       It protects you from cold.
   Fly:       It grants you flight.
   *Noise:    It may make a loud noise when swung.
Armour
 b - a +0 scale mail
 c - a +0 buckler
 l - a scarf of repulsion (melded)
 m - a +2 pair of boots (melded)
 u - a +0 plate armour (melded)
 y - a +0 helmet (melded)
Jewellery
 P - a ring of poison resistance (left hand)
Talismans
 A - a serpent talisman (active)
Scrolls
 e - a scroll of revelation {unknown}
 g - a scroll of fear
 i - a scroll of enchant weapon {unknown}
 o - a scroll of noise
 p - a scroll of fog {unknown}
 q - a scroll of immolation
 t - a scroll of teleportation
 v - a scroll of amnesia {unknown}
Potions
 d - a potion of degeneration {unknown}
 f - 2 potions of mutation {unknown}
 h - a potion of haste
 j - a potion of cancellation
 k - a potion of lignification {unknown}
 r - a potion of heal wounds {unknown}
 s - a potion of enlightenment
 w - a potion of invisibility
 x - a potion of attraction {unknown}
 z - a potion of curing {unknown}


   Skills:
 + Level 5.2 Fighting
 * Level 5.0 Axes
 - Level 2.6 Armour
 + Level 3.6 Dodging
 - Level 2.6 Shields


You had 6 spell levels left.
You didn't know any spells.
Your spell library contained the following spells:

 Spells                   Type           Power      Damage    Failure   Level
 Apportation              Tloc           0%         N/A       36%         1
 Necrotise                Necr           0%         1d4       36%         1
 Summon Small Mammal      Summ           0%         N/A       36%         1
 Cigotuvi's Dreadful Rot  Necr/Pois/Air  0%         N/A       50%         2
 Sublimation of Blood     Necr           0%         N/A       50%         2
 Wereblood                Tmut           0%         N/A       50%         2
 Ignite Poison            Fire/Tmut/Pois 0%         N/A       75%         3
 Inner Flame              Hex/Fire       0%         N/A       75%         3
 Flame Wave               Conj/Fire      0%         2d4       98%         4
 Petrify                  Tmut/Erth      0%         N/A       98%         4
 Sticky Flame             Conj/Fire      0%         2d3       98%         4
 Freezing Cloud           Conj/Ice/Air   0%         6-21      100%        5
 Irradiate                Conj/Tmut      0%         3d11      100%        5


Dungeon Overview and Level Annotations

Branches:
Dungeon (5/15)
 Temple: D:4-7

Altars:
Ashenzari
Makhleb


Innate Abilities, Weirdness & Mutations

You are an enormous anaconda.
You have a powerful constriction melee attack.
Your maximum health is decreased, since you lack skill for your form.
Your armour is entirely melded.
You are incapable of wielding weapons or throwing items.
Your demonic aura often causes spilled blood to erupt in flames.
((Your touch may inflict minor irresistible damage on your foes.))


Message History

You feel sick. The orc hits you but does no damage.
You take 1 damage, and have 26/56 hp.
You barely miss the orc.
You hear the raging winds of a snowstorm.
You feel sick.
You are no longer poisoned.
You hear a shout! x2
The orc closely misses you. The orc hits you but does no damage.
You slash the orc! You freeze the orc.
You kill the orc!
Things that are here:
a +0 flail; an orc corpse You see here a black bear corpse.
Items here: % ) [ †.
A - a serpent talisman You begin transforming.
You continue transforming. x3
You turn into an enormous anaconda.
The +8 frozen axe "Frostbite" {freeze, freezing cloud, *Noise Fly rC+} melds into your body.
Your scarf of repulsion melds into your body.
Your +0 helmet melds into your body.
Your +2 pair of boots melds into your body.
Your +0 plate armour melds into your body.
You float gracefully downwards.
The +8 frozen axe "Frostbite" {freeze, freezing cloud, *Noise Fly rC+} stops glowing.
The haze of the repulsion field disappears.
HP restored.
You take 22 damage, and have 6/6 hp. !!!!--MASSIVE DAMAGE--!!!!
You see here a hound corpse.
A sourceless malevolence fills the Dungeon...
With a horrendous wail, an alarm goes off!
A sentinel's mark forms upon you.
You hear a shout! x3; You hear an angry hiss.
You hear a shout!
You hear an angry hiss.
You hear a shout! x2; You hear a bark! x2
You hear an angry hiss.
A centaur comes into view.
Found 9 gold pieces.
The centaur wields a +0 shortbow.
The centaur shoots an arrow.
The arrow hits you but does no damage.
An orc comes into view. It is wielding a +0 club.
Found a faintly glowing robe.
The centaur shoots an arrow.
The arrow hits you.
Ouch! That really hurt!
You die...

.#.#.))))....####
<#.#†.†).#......#
##.#.....#......#
.................
##..####.#......# #.##
#.########
#..#####.....#### ###..
.>..............##.$.c.[
########.....##.S.......
#.....####.......
#.....# ....... #.....#
....... #.##### ...##o.
#+# ##.# . .. ###


You could see a centaur and an orc.

Vanquished Creatures
  Sigmund (D:2)
  A black bear (D:5)
  2 scorpions (D:4)
  A hound (D:5)
  An orc priest (D:5)
  Jessica (D:2)
  An orc wizard (D:3)
  Robin (D:4)
  5 adders
  An ufetubus (D:4)
  2 dart slugs
  2 worms
  11 orcs
  9 endoplasms
  3 giant cockroaches
  17 goblins
  12 hobgoblins
  4 jackals (D:1)
  3 quokkas
  6 ball pythons
  7 bats
  4 frilled lizards
  4 kobolds
  4 rats
103 creatures vanquished.

Notes
Turn   | Place    | Note
-------+----------+-------------------------------------------
     0 | D:1      | Iich the Demonspawn Fighter began the quest for the Orb.
     0 | D:1      | Reached XP level 1. HP: 18/18 MP: 1/1
   173 | D:1      | Gained mutation: Your demonic aura sometimes causes spilled
                  | blood to erupt in flames. [demonic ancestry]
   173 | D:1      | Reached XP level 2. HP: 20/24 MP: 2/2
   204 | D:1      | Found a faded altar of an unknown god.
   296 | D:1      | Reached skill level 1 in Dodging
   478 | D:1      | You fall into a shaft and drop 1 floor!
   529 | D:2      | Noticed Sigmund
   543 | D:3      | Gained mutation: Your demonic aura often causes spilled
                  | blood to erupt in flames. [demonic ancestry]
   543 | D:3      | Reached XP level 3. HP: 29/29 MP: 3/3
   641 | D:2      | Killed Sigmund
   642 | D:2      | Gained mutation: Your touch may inflict minor irresistible
                  | damage on your foes. [demonic ancestry]
   642 | D:2      | Reached XP level 4. HP: 38/38 MP: 4/4
   642 | D:2      | Reached XP level 5. HP: 43/43 MP: 5/5
   711 | D:2      | Found the +8 frozen axe "Frostbite" {freeze, freezing
                  | cloud, *Noise Fly rC+}
   914 | D:2      | Noticed Jessica
   918 | D:2      | Killed Jessica
  1667 | D:3      | Reached XP level 6. HP: 49/49 MP: 6/6
  2466 | D:4      | Found a burning altar of Makhleb.
  2648 | D:4      | Found a broken altar of Ashenzari.
  2777 | D:4      | Noticed Robin
  2784 | D:4      | Killed Robin
  2785 | D:4      | Reached skill level 5 in Fighting
  2874 | D:5      | Entered Level 5 of the Dungeon
  2923 | D:5      | Reached XP level 7. HP: 41/56 MP: 7/7
  2925 | D:5      | Reached skill level 5 in Axes
  2960 | D:5      | Shot with an arrow by a centaur

Illustrated notes

Levels and vault maps discovered:
D:1:      matt_arrival_spirals, layout_loops_cross,
          hellmonk_ecumenical_altar_lost_god
D:2:      layout_basic, uniq_sigmund, uniq_jessica
D:3:      layout_basic, serial_rivers, chequers_serial_rivers_micro_a,
          chequers_serial_rivers_room_a, chequers_serial_rivers_small_3,
          chequers_serial_rivers_small_3, chequers_serial_rivers_micro_c,
          nicolae_kite_square_tiling_tiny
D:4:      layout_gridville, mainiacjoe_overflow_small_starburst,
          mainiacjoe_overflow_chevrons,
          mainiacjoe_overflow_concentric_impassable, hangedman_minor_gate_pass,
          uniq_robin
D:5:      layout_basic, chequers_serial_rivers_room_b

Skill      XL: |  1  2  3  4  5  6  7 |
---------------+----------------------+-----
Axes           | 2 3 4 5 |  5.0
Dodging        | 1 2 3 |  3.6
Fighting       | 4 5 |  5.2
Armour         | |  2.6
Shields        | |  2.6

Action                     |  1- 3 |  4- 6 |  7- 9 || total
---------------------------+-------+-------+-------++-------
  Melee: War axe           |    51 |       |       ||    51
         Executioner's axe |       |   119 |     4 ||   123
    Use: Potion            |     1 |     4 |       ||     5
         Scroll            |       |     4 |       ||     4
 Armour: Scale mail        |    39 |    39 |       ||    78
         Plate armour      |       |    58 |     6 ||    64
         Skin              |       |       |     1 ||     1
  Dodge: Dodged            |    41 |    67 |     2 ||   110
  Block: Buckler           |    15 |       |       ||    15
   Form: Anaconda          |       |       |     1 ||     1

Table legend: (Time is in decaauts)
 A = Elapsed time spent in this place.
 B = Non-inter-level travel time spent in this place.
 C = Inter-level travel time spent in this place.
 D = Time resting spent in this place.
 E = Time spent auto-exploring this place.
 F = Levels seen in this place.
 G = Mean time per level.
                   A        B        C        D        E       F      G
               +--------+--------+--------+--------+--------+-----+--------+
         Total |   3054 |   2975 |     79 |      0 |   2342 |   5 |  610.8 |
       Dungeon |   3054 |   2975 |     79 |      0 |   2342 |   5 |  610.8 |
               +--------+--------+--------+--------+--------+-----+--------+

Top non-repeatable levels by time:
     D:2: 874 daAuts
     D:3: 766 daAuts
     D:1: 760 daAuts
     D:4: 560 daAuts
     D:5: 91 daAuts
